AoeStats
← bosmansc6

Arabia

504081252Analyzed
2v2 RM · 1mo ago on Sep 3, 2026· 27m 46s· 4 players
Game mode
Random Map
Map size
Medium (4 player)
Population
200
Speed
Normal
Resources
Standard
Victory
Conquest
Starting age
Dark Age
Ending age
Imperial Age
RankedLock teamsTeams togetherTeam positionsShared explorationLock speedFull tech treeHidden civsTurbo modeCheats
Victory
Defeat
🇩🇪 Ethiopians · Germany
1266
+16
🇨🇳 Mongols · China
1228
+17
🇳🇱 Vietnamese · Netherlands
1258
-17
🇧🇪 Magyars · Belgium
1257
-16
IDIOT DONT PLAY
6:55 Loom
9:00 Feudal Age
9:48 Double-Bit Axe
10:39 Horse Collar
21:15 Castle Age
19:49 Gold Mining
20:28 Bloodlines
20:27 Scale Barding Armor
22:09 Forging
22:37 Husbandry
23:14 Bow Saw
27:50 Wheelbarrow
breaker123
8:56 Loom
11:30 Feudal Age
13:00 Double-Bit Axe
13:24 Horse Collar
20:11 Castle Age
18:30 Padded Archer Armor
18:43 Gold Mining
19:39 Fletching
20:19 Crossbowman
21:08 Bodkin Arrow
21:53 Squires
22:35 Bow Saw
23:39 Leather Archer Armor
28:55 Wheelbarrow
28:06 Town Watch
bosmansc6
7:03 Loom
9:27 Feudal Age
9:54 Double-Bit Axe
9:49 Horse Collar
13:20 Wheelbarrow
15:23 Fletching
18:11 Padded Archer Armor
22:11 Castle Age
22:15 Crossbowman
22:58 Bodkin Arrow
23:24 Leather Archer Armor
23:50 Hand Cart
23:46 Bow Saw
23:43 Heavy Plow
FragileCookie
7:11 Loom
9:27 Feudal Age
10:36 Double-Bit Axe
20:50 Castle Age
19:56 Gold Mining
22:54 Bloodlines
23:15 Bow Saw
24:22 Scale Barding Armor
24:33 Husbandry
24:46 Scale Barding Armor
Connection lost

Rejoining the realm…

Still unreachable

The connection could not be restored.

Session expired

The server has moved on; the page needs a fresh start.